 Dungeon Crawl Stone Soup version 0.28.0 (webtiles) character file.

Game seed: 12946041097588709311

126 coolio the Gusty (level 5, 0/28 HPs)
             Began as a Tengu Air Elementalist on Feb 14, 2022.
             Killed by divine providence
             ... invoked by an orc priest
              (11 damage)
             ... on level 3 of the Dungeon.
             The game lasted 00:04:42 (2844 turns).

coolio the Gusty (Tengu Air Elementalist)           Turns: 2844, Time: 00:04:43

Health: 0/28       AC:  3    Str:  9    XL:     5   Next: 10%
Magic:  4/9        EV: 15    Int: 17    God:
Gold:   96         SH:  0    Dex: 14    Spells: 7/9 levels left

rFire   . . .      SeeInvis +   e - +0 trident
rCold   . . .      Faith    .   (no shield)
rNeg    . . .      Spirit   .   a - +0 robe
rPois   .          Reflect  .   (helmet restricted)
rElec   .          Harm     .   f - +0 cloak
rCorr   .          Rampage  .   (no gloves)
Will    .....                   (boots unavailable)
Stlth   ++........              (no amulet)
HPRegen 0.09/turn               j - ring of see invisible
MPRegen 0.11/turn               (no ring)

@: flying quickly and evasively, quick
A: beak, talons 3, nimble flight
a: no special abilities


You were on level 3 of the Dungeon.
You visited 1 branch of the dungeon, and saw 3 of its levels.

You collected 96 gold pieces.

Inventory:

Hand Weapons
 e - a +0 trident (weapon)
Armour
 a - a +0 robe (worn)
 f - a +0 cloak (worn)
Jewellery
 j - a ring of see invisible (left hand)
Scrolls
 b - a scroll of fog {unknown}
 c - a scroll of magic mapping {unknown}
 d - 4 scrolls of identify {unknown}
 g - a scroll of summoning {unknown}
Potions
 h - a potion of magic {unknown}
 i - a potion of lignification {unknown}


   Skills:
 + Level 3.0 Dodging
 - Level 2.0 Stealth
 + Level 2.6 Spellcasting
 * Level 3.6 Conjurations
 * Level 5.4 Air Magic


You had 7 spell levels left.
You knew the following spells:

 Your Spells              Type           Power      Damage    Failure   Level
a - Shock                 Conj/Air       68%        1d7       2%          1
b - Magic Dart            Conj           56%        1d5       4%          1

Your spell library contained the following spells:

 Spells                   Type           Power      Damage    Failure   Level
 Static Discharge         Conj/Air       17%        N/A       4%          2
 Swiftness                Air            20%        N/A       6%          3
 Corpse Rot               Necr/Air       22%        N/A       9%          2
 Mephitic Cloud           Conj/Pois/Air  12%        N/A       16%         3
 Airstrike                Air            10%        N/A       21%         4
 Call Imp                 Summ           2%         N/A       28%         2
 Dispel Undead            Necr           2%         3d7       88%         4
 Death Channel            Necr           1%         N/A       100%        6


Dungeon Overview and Level Annotations

Branches:
Dungeon (3/15)

Altars:

Shops:
D:2 :

Annotations:
D:3 Sigmund


Innate Abilities, Weirdness & Mutations

You have a beak for a mouth.
You have claws for feet.
Your magical nature lets you fly swiftly and evasively.


Message History

The orc shouts!
Aiming: Magic Dart (safe; 4% risk of failure)
Press: ? - help, Q - select action, (/) - cycle Shift-Dir - straight line, f/p - orc priest
Aim: an orc priest, wielding a +0 falchion (moderately wounded, 100% to hit)
Okay, then.
Casting: Magic Dart (safe; 4% risk of failure)
Confirm with . or Enter, or press ? or * to list all spells.
Aiming: Shock (safe; 3% risk of failure)
Press: ? - help, Shift-Dir - straight line, f - orc priest, p - orc priest
Aim: an orc priest, wielding a +0 flail (71% to hit)
The zap hits the orc priest.
The orc priest is severely wounded.
The zap hits the orc priest!
The orc priest is heavily wounded.
The orc priest invokes the aid of Beogh against you.
Beogh smites you!
Unknown command.
Casting: Shock (safe; 3% risk of failure)
Confirm with . or Enter, or press ? or * to list all spells.
Aiming: Shock (safe; 3% risk of failure)
Press: ? - help, Shift-Dir - straight line, f/p - orc priest
Aim: an orc priest, wielding a +0 flail (heavily wounded, 71% to hit)
The zap hits the orc priest.
You kill the orc priest!
The zap misses the orc priest.
Your Dodging skill increases to level 3!
You have reached level 5!
Your magical nature develops, letting you fly swiftly and evasively.
Casting: Shock (safe; 2% risk of failure)
Confirm with . or Enter, or press ? or * to list all spells.
Aiming: Shock (safe; 2% risk of failure)
Press: ? - help, Shift-Dir - straight line, f/p - orc priest
Aim: an orc priest, wielding a +0 flail (heavily wounded, 71% to hit)
The zap hits the orc.
The orc is heavily wounded.
The zap hits the orc priest.
The orc priest is almost dead.
The orc priest invokes the aid of Beogh against you.
Beogh smites you!
You die...

.. .#. #g.#
..#.. #. ......
.@.#r #. .....
# #. #....
.####.#####...!
.........o)o...
#....@# #.# .
#.....####.# ..
#.........<#
.#.
#.....###..##
.#.
#####.......#
#.####..##
##.## #...#
#...# #.#.##
#####...#
#.#..#


You could see an orc priest and an orc.

Vanquished Creatures
  An orc priest (D:3)
  Jessica (D:2)
  2 adders (D:2)
  A gnoll (D:2)
  2 worms
  A dart slug (D:1)
  4 bats
  2 endoplasms (D:1)
  4 giant cockroaches
  4 goblins
  5 hobgoblins
  A quokka (D:1)
  A ball python (D:2)
  2 frilled lizards
  3 kobolds
  4 rats
38 creatures vanquished.

Notes
Turn   | Place    | Note
-------+----------+-------------------------------------------
     0 | D:1      | coolio the Tengu Air Elementalist began the quest for the
                  | Orb.
     0 | D:1      | Reached XP level 1. HP: 10/10 MP: 4/4
   260 | D:1      | Reached XP level 2. HP: 15/15 MP: 1/6
   715 | D:1      | Learned a level 1 spell: Magic Dart
  1008 | D:1      | Found a faded altar of an unknown god.
  1349 | D:1      | Reached XP level 3. HP: 19/19 MP: 1/7
  1715 | D:2      | Found Bitoc's Book Emporium.
  2290 | D:2      | Noticed Jessica
  2294 | D:2      | Killed Jessica
  2295 | D:2      | Reached XP level 4. HP: 24/24 MP: 3/8
  2522 | D:2      | Reached skill level 5 in Air Magic
  2632 | D:3      | Noticed Sigmund
  2844 | D:3      | Gained mutation: Your magical nature lets you fly swiftly
                  | and evasively. [Tengu growth]
  2844 | D:3      | Reached XP level 5. HP: 11/28 MP: 5/9
  2844 | D:3      | Killed from afar by an orc priest

Illustrated notes

Levels and vault maps discovered:
D:1:      lemuel_arrival_muddy, layout_basic, serial_bayou, serial_bayou_pond_c,
          serial_bayou_shore_a, serial_bayou_crossing, serial_bayou_shore_b,
          chequers_ecumenical_altar_twisty, nrook_mini_vaults
D:2:      layout_basic, serial_shops, nicolae_diamond_shop, uniq_jessica
D:3:      layout_basic, serial_shops, shop, minmay_misc_feat_diagonals,
          minmay_mini_jars, uniq_sigmund

Skill      XL: |  1  2  3  4 |
---------------+-------------+-----
Conjurations   | 2 3 |  3.6
Air Magic      | 5 |  5.4
Dodging        | 3 |  3.0
Stealth        | |  2.0
Spellcasting   | |  2.6

Action                   |  1- 3 |  4- 6 || total
-------------------------+-------+-------++-------
Melee: Unarmed           |    19 |       ||    19
       Kick              |     5 |       ||     5
       Peck              |     4 |       ||     4
       Dagger            |     5 |       ||     5
 Cast: Shock             |    43 |    10 ||    53
       Magic Dart        |    33 |    12 ||    45
Armor: Robe              |     5 |     1 ||     6
Dodge: Dodged            |    22 |     3 ||    25
